 Dungeon Crawl Stone Soup version 0.30-a0-782-ge64f9170bb (webtiles) character file.

Game seed: 17148107593034330670

583611 Bnni the Rhythm of Life and Death (level 26, -8/226 HPs)
             Began as a Demonspawn Fighter on Feb 23, 2023.
             Was a Follower of Uskayaw.
             Killed from afar by an orb of fire (34 damage)
             ... with a fireball
             ... on level 5 of the Realm of Zot on Feb 24, 2023.
             The game lasted 02:55:25 (71405 turns).

Bnni the Rhythm of Life and Death (DsFi)           Turns: 71405, Time: 02:55:25

Health: -8/226     AC: 35    Str: 26    XL:     26   Next: 1%
Magic:  24/31      EV:  8    Int: 13    God:    Uskayaw [*.....]
Gold:   5794       SH: 23    Dex: 17    Spells: 5/37 levels left

rFire   + . .      SeeInvis .    M - +9 demon trident (elec)
rCold   + + +      Faith    .    a - +5 Storm Queen's Shield {shock, Fly rElec}
rNeg    + + .      Spirit   .    T - +7 chain mail "Ygywekke" {rElec rC- rN++ Int+3}
rPois   .          Reflect  +    (helmet unavailable)
rElec   +          Harm     .    W - +1 cloak {rCorr}
rCorr   +          Rampage  +    i - +2 pair of gloves {hurl}
Will    ++...                    S - +2 pair of boots {rampage} Stlth
                                 p - amulet of reflection
HPRegen 0.57/turn                E - ring of Kurivvarph {Fly rElec rC+++ MP-9 Slay+4}
MPRegen 0.22/turn                d - ring of protection from fire

@: lethally poisoned (-8 -> -10), about to teleport, flying, unable to drink
A: horns 3, icy blue scales 3, ignite blood 3, spiny 3, black mark, bedeviling,
aura of silence, agile 1, strong-willed 1, electricity resistance, wild magic 1,
inability to drink after injury 1
}: 3/15 runes: barnacled, slimy, gossamer
a: Renounce Religion, Stomp


You were on level 5 of the Realm of Zot.
You worshipped Uskayaw.
Uskayaw was exalted by your worship.
You visited 12 branches of the dungeon, and saw 55 of its levels.
You visited 1 bazaar.

You collected 7919 gold pieces.
You spent 2125 gold pieces at shops.

Inventory:

Hand Weapons
 M - a +9 demon trident of electrocution (weapon)
Missiles
 m - 5 silver javelins
 t - 29 boomerangs (quivered)
 w - a throwing net
 C - 14 boomerangs of dispersal
 D - 11 javelins
 I - 13 curare-tipped darts
Armour
 a - the +5 Storm Queen's Shield (worn) {shock, Fly rElec}
   (You bought it in a shop on level 2 of the Orcish Mines)

   Shock:     When it blocks an attack, it may electrocute the attacker.
   This works even against foes who are a short distance away.
   rElec:     It insulates you from electricity.
   Fly:       It grants you flight.
 i - a +2 pair of gloves of hurling (worn)
 N - +0 gold dragon scales
 S - a +2 pair of boots of rampaging (worn)
 T - the +7 chain mail "Ygywekke" (worn) {rElec rC- rN++ Int+3}
   (You bought it in a shop in a bazaar)

   Int:       It affects your intelligence (+3).
   rC:        It makes you vulnerable to cold.
   rElec:     It insulates you from electricity.
   rN:        It greatly protects you from negative energy.
 W - a +1 cloak of preservation (worn)
Jewellery
 d - a ring of protection from fire (right hand)
 p - an amulet of reflection (around neck)
 E - the ring of Kurivvarph (left hand) {Fly rElec rC+++ MP-9 Slay+4}
   (You acquired it on level 1 of the Vaults)

   [ring of slaying]

   Slay:      It affects your accuracy & damage with ranged weapons and melee
   (+4).
   rC:        It renders you almost immune to cold.
   rElec:     It insulates you from electricity.
   MP:        It affects your magic capacity (-9).
   Fly:       It grants you flight.
 F - the ring of Affuim {Fly rCorr Dex+6 Stlth+}
   (You found it on level 7 of the Dungeon)

   [ring of dexterity]

   Dex:       It affects your dexterity (+6).
   Fly:       It grants you flight.
   rCorr:     It protects you from acid and corrosion.
   Stlth:     It makes you more stealthy.
 Q - the ring of Iryli {rN+ Dex+3}
   (You found it on level 3 of the Shoals)

   [ring of positive energy]

   Dex:       It affects your dexterity (+3).
   rN:        It protects you from negative energy.
 U - the ring "Kaunk" {Wiz rPois MP+9 Str-2}
   (You found it on level 5 of the Pits of Slime)

   [ring of wizardry]

   It improves your spell success rate.
   Str:       It affects your strength (-2).
   rPois:     It protects you from poison.
   MP:        It affects your magic capacity (+9).
 V - a ring of protection from fire
 Z - the necklace of Bloodlust {Fury *Rage Will++ Int-3 Slay+6}
   (You found it on level 14 of the Dungeon)

   [amulet of nothing]

   Fury:      It extends the wearer's berserk rage when killing foes.
   Int:       It affects your intelligence (-3).
   Slay:      It affects your accuracy & damage with ranged weapons and melee
   (+6).
   *Rage:     It berserks you when you make melee attacks (+50% chance).
   Will:      It greatly increases your willpower.
Wands
 u - a wand of paralysis (27)
 x - a wand of digging (23)
 Y - a wand of quicksilver (25)
Scrolls
 g - 7 scrolls of enchant armour
 h - 20 scrolls of teleportation
 j - 5 scrolls of fog
 l - a scroll of butterflies
 n - 2 scrolls of enchant weapon
 r - 6 scrolls of silence
 y - 10 scrolls of blinking
 A - 11 scrolls of fear
 B - 6 scrolls of poison
 H - 3 scrolls of brand weapon
 J - 9 scrolls of magic mapping
 O - 7 scrolls of immolation
Potions
 b - 9 potions of haste
 c - 5 potions of ambrosia
 e - 16 potions of curing
 f - 18 potions of attraction
 k - 3 potions of mutation
 o - 5 potions of cancellation
 G - 6 potions of might
 K - 5 potions of invisibility
 L - 3 potions of berserk rage
 P - 3 potions of magic
 R - 3 potions of resistance
 X - 6 potions of heal wounds
Miscellaneous
 s - a phantom mirror
 v - a phial of floods
 z - a condenser vane


   Skills:
 + Level 22.3 Fighting
 - Level 14.0 Polearms
 - Level 16.0 Throwing
 * Level 16.4 Armour
 - Level 14.0 Shields
 - Level 6.0 Spellcasting
 * Level 11.1 Hexes
 - Level 12.0 Translocations
 * Level 9.0 Transmutations
 - Level 8.0 Air Magic
 O Level 27 Invocations


You had 5 spell levels left.
You knew the following spells:

 Your Spells              Type           Power      Damage    Failure   Level
a - Lesser Beckoning      Tloc           90%        N/A       2%          2
c - Portal Projectile     Hex/Tloc       100%       N/A       5%          3
d - Vhi's Electric Charg  Tloc/Air       76%        N/A       9%          3
e - Passage of Golubria   Tloc           45%        N/A       12%         4
f - Manifold Assault      Tloc           45%        N/A       12%         4
g - Dispersal             Tloc           22%        N/A       83%         6
i - Yara's Violent Unrav  Hex/Tmut       28%        3d12      54%         5
s - Swiftness             Air            32%        N/A       17%         3
w - Wereblood             Tmut           35%        N/A       7%          2

Your spell library contained the following spells:

 Spells                   Type           Power      Damage    Failure   Level
 Apportation              Tloc           90%        N/A       1%          1
 Slow                     Hex            100%       N/A       2%          1
 Beastly Appendage        Tmut           70%        N/A       4%          1
 Gell's Gravitas          Tloc           45%        N/A       4%          3
 Teleport Other           Tloc           45%        N/A       4%          3
 Confusing Touch          Hex            59%        N/A       6%          3
 Tukima's Dance           Hex            59%        N/A       6%          3
 Sting                    Tmut/Pois      80%        1d7       24%         1
 Ensorcelled Hibernation  Hex/Ice        70%        N/A       24%         2
 Shock                    Conj/Air       72%        1d7       30%         1
 Kindle Blastsparks       Fire/Tloc/Air  54%        2d14      30%         3
 Passwall                 Tmut/Erth      16%        N/A       34%         2
 Dazzling Flash           Conj/Hex       70%        N/A       43%         3
 Spider Form              Tmut/Pois      20%        N/A       54%         3
 Cigotuvi's Dreadful Rot  Necr/Pois/Air  28%        N/A       58%         2
 Silence                  Hex/Air        27%        N/A       61%         5
 Blade Hands              Tmut           17%        N/A       67%         5
 Ignite Poison            Fire/Tmut/Pois 15%        N/A       75%         3
 Iskenderun's Mystic Bla  Conj/Tloc      25%        2d7       75%         4
 Foxfire                  Conj/Fire      20%        2x1d5     80%         1
 Necrotise                Necr           20%        1d5       80%         1
 Summon Small Mammal      Summ           20%        N/A       80%         1
 Mephitic Cloud           Conj/Pois/Air  14%        N/A       82%         3
 Anguish                  Hex/Necr       17%        N/A       82%         4
 Fulminant Prism          Conj/Hex       17%        3d10      82%         4
 Leda's Liquefaction      Hex/Erth       17%        N/A       82%         4
 Sublimation of Blood     Necr           5%         N/A       90%         2
 Ice Form                 Ice/Tmut       20%        N/A       90%         4
 Petrify                  Tmut/Erth      20%        N/A       90%         4
 Summon Forest            Summ/Tloc      12%        N/A       97%         5
 Call Canine Familiar     Summ           5%         N/A       98%         3
 Frozen Ramparts          Ice            10%        1d2       98%         3
 Hailstorm                Conj/Ice       5%         3d4       98%         3
 Ozocubu's Armour         Ice            5%         N/A       98%         3
 Vampiric Draining        Necr           5%         2d6       98%         3
 Metabolic Englaciation   Hex/Ice        17%        N/A       98%         5
 Summon Mana Viper        Hex/Summ       35%        N/A       98%         5
 Alistair's Intoxication  Tmut/Pois      13%        N/A       99%         5
 Irradiate                Conj/Tmut      10%        3d15      99%         5
 Animate Armour           Summ/Erth      10%        N/A       100%        4
 Animate Dead             Necr           5%         N/A       100%        4
 Sticky Flame             Conj/Fire      5%         2d3       100%        4
 Summon Ice Beast         Ice/Summ       5%         N/A       100%        4
 Agony                    Necr           5%         N/A       100%        5
 Arcjolt                  Conj/Air       9%         1d19      100%        5
 Fireball                 Conj/Fire      2%         3d4       100%        5
 Freezing Cloud           Conj/Ice/Air   7%         6-21      100%        5
 Lee's Rapid Deconstruct  Erth           2%         3d5*      100%        5
 Death Channel            Necr           2%         N/A       100%        6
 Iron Shot                Conj/Erth      2%         9d2       100%        6
 Simulacrum               Ice/Necr       2%         N/A       100%        6
 Starburst                Conj/Fire      2%         6d3       100%        6
 Statue Form              Tmut/Erth      13%        N/A       100%        6
 Summon Cactus Giant      Summ           2%         N/A       100%        6
 Dragon Form              Tmut           17%        N/A       100%        7
 Haunt                    Necr/Summ      2%         N/A       100%        7
 Summon Hydra             Summ           2%         N/A       100%        7
 Discord                  Hex            29%        N/A       100%        8
 Disjunction              Tloc           22%        N/A       100%        8
 Ignition                 Fire           2%         3d3       100%        8
 Infestation              Necr           2%         N/A       100%        8
 Lehudib's Crystal Spear  Conj/Erth      2%         10d2      100%        8
 Maxwell's Capacitive Co  Air            16%        ∞         100%        8
 Necromutation            Tmut/Necr      10%        N/A       100%        8
 Chain Lightning          Conj/Air       9%         3d12      100%        9
 Death's Door             Necr           2%         N/A       100%        9
 Fire Storm               Conj/Fire      2%         8d1       100%        9
 Shatter                  Erth           2%         3d6*      100%        9


Dungeon Overview and Level Annotations

Branches:
Dungeon (15/15)            Temple (1/1) D:5            Lair (5/5) D:8
 Shoals (4/4) Lair:2       Spider (4/4) Lair:3        Slime (5/5) Lair:4
    Orc (2/2) D:11            Elf (3/3) Orc:2        Vaults (4/5) D:13
  Crypt (3/3) Vaults:3       Tomb (0/3) Crypt:3      Depths (4/4) D:15
    Zot (5/5) Depths:4

Altars:
Ashenzari
Cheibriados
Dithmenos
Fedhas
Gozag
Hepliaklqana
Kikubaaqudgha
Makhleb
Nemelex Xobeh
Okawaru
Qazlal
Ru
Sif Muna
Trog
Uskayaw
Vehumet
Wu Jian
Xom
Yredelemnul
Jiyva

Shops:
D:2 ?   D:12 *   Orc:1 *   Orc:2 (*=[   Elf:1 :   Shoals:2 (   Vaults:4 (
Depths:1 =[   Depths:4 *

Portals:
Hell: Depths:1 Depths:2 Depths:3 Depths:4
Abyss: Lair:4 Depths:3 Depths:4
Pandemonium: Depths:2 Depths:4
Ziggurat: Depths:4
Trove: D:10 (give +5 demon blade)

Annotations:
Zot:3 1 transporter


Innate Abilities, Weirdness & Mutations

You have a pair of large horns on your head.
You are completely covered in icy blue scales. (AC +4, rC+)
Your demonic aura causes all spilled blood to erupt in flames.
You are completely covered in sharp spines.
Your melee attacks may debilitate your foes.
Your hexes are more powerful.
You are surrounded by an aura of silence.
You are agile. (Dex +4, Str/Int -1)
You are strong-willed. (Will+)
You are resistant to electric shocks. (rElec)
Your spells are a little harder to cast, but a little more powerful.
You occasionally lose the ability to drink potions when taking damage.


Message History

* * * LOW HITPOINT WARNING * * *
The fireball engulfs the orb of fire.
The orb of fire completely resists.
The moth of wrath goads the Orb Guardian on!
The Orb Guardian goes berserk!
You hear a roar!
You hear a shout!
You hear a roar! x2
You feel sick.
You hit the orb of fire but do no damage.
Your headbutt misses the orb of fire.
You feel sick.
The orb of fire glows red.
The fireball explodes!
The fireball engulfs you! You resist.
* * * LOW HITPOINT WARNING * * *
The fireball engulfs the orb of fire.
The orb of fire completely resists.
The orb of fire glows bright magenta.
The bolt of fire hits the orb of fire.
The orb of fire completely resists.
The bolt of fire hits you but does no damage.
You resist.
You impale the orb of fire!! You headbutt the orb of fire.
The orb of fire is moderately damaged.
You feel sick.
You puncture the orb of fire!
The orb of fire's magic leaks into the air.
You headbutt the orb of fire.
The orb of fire is moderately damaged.
The orb of fire glows red.
The bolt of fire hits the orb of fire.
The orb of fire completely resists.
The bolt of fire hits you!! You resist.
* * * LOW HITPOINT WARNING * * *
The orb of fire glows deep purple.
Strange energies course through your body.
You occasionally lose the ability to drink potions when taking damage.
You feel much better.
You feel sick.
The orb of fire's magic is no longer disrupted.
The orb of fire glows deep purple.
The bolt of fire hits the orb of fire.
The orb of fire completely resists.
The bolt of fire hits you!! You resist.
* * * LOW HITPOINT WARNING * * *
The orb of fire glows bright magenta.
The fireball explodes!
The fireball engulfs you!! You resist.
You feel threatened and lose the ability to drink potions!
You die...

#.<.#.!#
##..⌠#..#
##...#####
###⌠..###
#.'..##.#
#.#⌠###.# #○###
#.# #..####)#
##...@**# ******
########*#######*
** ,,,,,**
#.....L.X.X.....*
**, ,,,,,,**
##....X.XyXp...#*
**,, ,,,,,,,**
#.^..XXXLyd...#
**,,, ,,,,,^,,*
##.....p.....##
*,,,, ,,,,,,,^*
#........X..#
*,,,, ,,,,,,,,*
*#...........#*
*,,,, ,,,,,,,,*
#.L......^....#
*,,,,


You could see 3 orbs of fire, a Killer Klown (pain bonded), a purple draconian
and 2 Orb Guardians.

Vanquished Creatures
  the Royal Jelly (Slime:5)
  3 ancient liches
  2 dread liches (Crypt:3)
  4 orbs of fire
  A juggernaut (Depths:2)
  Vv (Zot:3)
  3 Killer Klowns
  2 curse toes
  Xtahua (Crypt:2)
  Frederick (Crypt:1)
  the Enchantress (Depths:3)
  4 golden dragons
  Nikola (Spider:3)
  Jory (Crypt:1)
  Arachne (Spider:4)
  2 bone dragons
  A doom hound (Crypt:1)
  4 electric golems
  Jorgrun (D:13)
  Mlioglotl (Shoals:4)
  12 tentacled monstrosities
  7 liches
  8 Orb Guardians (Zot:5)
  A quicksilver dragon (Zot:3)
  A walking divine tome (Depths:1)
  24 acid blobs
  7 ancient champions
  A thorn hunter (Depths:3)
  Frances (Shoals:2)
  The ghost of BRD the Marksfrog, an adept BaRe of Cheibriados (Shoals:4)
  16 death cobs
  15 storm dragons
  3 draconian monks
  4 shadow dragons
  7 rockslimes
  A tengu reaver (Vaults:4)
  8 azure jellies
  4 fire giants
  2 iron dragons
  6 frost giants
  3 emperor scorpions
  A deep elf sorcerer (Elf:1)
  6 draconian knights
  3 draconian scorchers
  9 vault wardens
  2 balrugs
  Louise (Elf:1)
  3 curse skulls
  7 draconian shifters
  4 ghouls
  2 orc warlords
  A spectral juggernaut (Crypt:1)
  6 ghost moths
  6 draconian stormcallers
  2 spriggan defenders (Depths:3)
  2 draconian annihilators
  25 ironbound preservers
  2 reapers
  7 war gargoyles
  6 quicksilver oozes
  33 very ugly things
  8 vampire knights
  A broodmother (Spider:1)
  Nessos (D:13)
  A deep elf demonologist (Elf:1)
  9 stone giants
  13 green draconians
  8 ironbound thunderhulks
  3 spark wasps
  12 black draconians
  9 red draconians
  10 white draconians
  16 dire elephants
  7 yellow draconians
  6 eidola
  10 purple draconians
  3 deep elf death magi
  A quicksilver dragon zombie (Crypt:1)
  4 crystal guardians (Vaults:4)
  25 jiangshi
  20 ettins
  3 merfolk javelineers
  7 merfolk impalers
  7 fire dragons
  4 yaktaur captains
  3 entropy weavers
  2 spectral spriggans (Crypt:1)
  A quicksilver dragon skeleton (Crypt:1)
  4 peacekeepers
  12 great orbs of eyes
  A catoblepas (Lair:3)
  6 spriggan air magi
  3 hell beasts (Crypt:1)
  3 rakshasas (Depths:3)
  3 ogre magi
  A juggernaut simulacrum (Crypt:1)
  8 merfolk avatars
  5 radroaches
  11 vault guards
  6 centaur warriors
  9 ironbound frosthearts
  5 ice dragons
  6 hydras
  A jorogumo (Spider:4)
  10 boulder beetles
  12 two-headed ogres
  25 dancing weapons
  5 death knights
  7 deep troll shamans
  10 satyrs
  A spriggan skeleton (Crypt:1)
  An alligator snapping turtle (Shoals:1)
  3 tengu warriors
  11 death yaks
  2 hell hogs (Depths:3)
  Urug (D:13)
  3 merfolk aquamancers
  6 deep troll earth magi
  A spectral naga (Crypt:1)
  A two-headed ogre (shapeshifter) (D:12)
  3 orc high priests
  14 vampire magi
  2 shock serpents (shapeshifter)
  A thrashing horror (Lair:4)
  2 storm dragon zombies
  6 spriggan berserkers
  22 deep elf knights
  A soul eater (Depths:3)
  2 sun demons
  10 hell knights
  28 skeletal warriors
  9 sea snakes
  2 storm dragon skeletons
  9 pharaoh ants
  A salamander mystic (Depths:3)
  2 spectral bunyips (Crypt:1)
  4 iron trolls
  4 shadow wraiths
  5 skysharks
  A golden dragon zombie (Depths:1)
  3 sun moths
  3 glowing orange brains
  90 deep trolls
  A spectral anaconda (Crypt:1)
  5 orb spiders
  12 flayed ghosts
  A kraken simulacrum (Shoals:4)
  A spriggan simulacrum (Crypt:1)
  3 lindwurms
  10 wizards
  A quicksilver dragon simulacrum (Crypt:1)
  9 orc knights
  An elf simulacrum (Crypt:1)
  12 necromancers
  14 ironbound convokers
  8 steelbarb worms
  A tengu zombie (Depths:1)
  8 phantasmal warriors
  8 deep elf archers
  24 deep elf zephyrmancers
  14 harpies
  An anaconda skeleton (Crypt:2)
  37 deep elf pyromancers
  A wolf spider zombie (Crypt:3)
  23 wolf spiders
  A frost giant zombie (Vaults:4)
  6 orc sorcerers
  5 shining eyes
  19 manticores
  10 fauns
  37 ugly things
  10 cyclopes
  2 elephants (Lair:5)
  4 salamanders (Depths:3)
  An elephant (shapeshifter) (Elf:2)
  An iron dragon skeleton (Crypt:3)
  24 moths of wrath
  5 water nymphs
  13 merfolk sirens
  8 black mambas
  A spectral alligator snapping turtle (Crypt:1)
  A naga mage (D:15)
  An eleionoma skeleton (Crypt:3)
  A human skeleton (Vaults:4)
  11 vault sentinels
  62 slime creatures
  3 demonic crawlers
  4 eyes of devastation
  A gargoyle (D:12)
  A guardian serpent (shapeshifter) (Depths:3)
  A smoke demon (Depths:1)
  3 torpor snails
  3 centaur skeletons
  Maggie (D:7)
  A pale draconian zombie (Crypt:1)
  5 cane toads
  A dire elephant zombie (Crypt:1)
  2 unseen horrors (D:12)
  An orange demon (Lair:4)
  A white draconian zombie (Crypt:2)
  7 komodo dragons
  28 yaktaurs
  3 tengu conjurers
  An ancient zyme (Lair:4)
  A redback zombie (Crypt:2)
  5 guardian mummies (Crypt:3)
  12 freezing wraiths
  4 kobold demonologists
  A golden dragon simulacrum (Crypt:3)
  10 trolls
  A hydra zombie (D:15)
  A meliai (shapeshifter) (D:12)
  29 merfolk
  5 polar bears
  2 harpy zombies (Lair:2)
  11 meliai
  6 wind drakes
  A shadow dragon simulacrum (Crypt:2)
  4 hornets
  11 blink frogs
  A raiju (shapeshifter) (D:14)
  8 dream sheep
  39 tarantellas
  An ettin zombie (Depths:1)
  A meliai zombie (D:15)
  14 snapping turtles
  A stone giant simulacrum (Depths:1)
  35 jumping spiders
  An air elemental (Elf:2)
  A centaur simulacrum (Crypt:3)
  17 water elementals
  A satyr skeleton (Crypt:3)
  11 flying skulls
  31 culicivoras
  2 spriggans (Depths:4)
  2 black mamba zombies
  4 wyverns
  An elf zombie (Vaults:4)
  An ice dragon skeleton (Crypt:2)
  A slime creature zombie (D:12)
  A black mamba skeleton (Crypt:1)
  9 basilisks
  A basilisk (shapeshifter) (D:12)
  32 yaks
  19 wraiths
  Eustachio (D:4)
  2 hogs (shapeshifter) (D:15)
  6 golden eyes (Slime:5)
  A wind drake skeleton (Crypt:2)
  A fire elemental (Depths:3)
  A human (D:11)
  Grum (D:10)
  55 redbacks
  10 vampire mosquitoes
  7 wargs
  Menkaure (D:5)
  A two-headed ogre zombie (Orc:1)
  A harpy simulacrum (Crypt:1)
  A cane toad zombie (Lair:2)
  4 acid dragons
  An entropy weaver zombie (Crypt:2)
  17 water moccasins
  A glowing shapeshifter skeleton (Crypt:1)
  A floating eye (Slime:2)
  29 orc warriors
  A sky beast (shapeshifter) (Elf:1)
  2 black bears
  3 ice beasts
  14 ogres
  12 wolves
  4 boggarts (D:11)
  5 blink frog zombies
  17 centaurs
  A manticore skeleton (Crypt:2)
  A phantom (D:4)
  8 kobold brigands
  A vampire mosquito zombie (D:11)
  8 bullfrogs
  2 gnoll sergeants
  2 scorpions (Lair:3)
  A glowing shapeshifter simulacrum (Vaults:4)
  2 earth elementals
  3 water moccasin zombies
  A necrophage (Crypt:3)
  2 spriggan zombies
  4 warg zombies
  A hornet simulacrum (D:15)
  8 yak zombies
  4 wights (D:8)
  A shapeshifter zombie (Crypt:1)
  A warg skeleton (Crypt:1)
  3 killer bees (D:11)
  An electric eel (Spider:2)
  A troll skeleton (Crypt:3)
  4 howler monkeys
  A yak skeleton (Crypt:1)
  2 wolf zombies
  A shapeshifter skeleton (Crypt:1)
  4 centaur zombies (D:15)
  27 orc priests
  5 hounds
  3 jellies
  Crazy Yiuf (D:4)
  2 basilisk zombies
  A gnoll bouda (D:10)
  A bullfrog skeleton (Crypt:2)
  2 iguanas
  Ijyb (D:5)
  A black bear skeleton (Crypt:3)
  A boggart zombie (D:11)
  30 orc wizards
  A scorpion zombie (Lair:3)
  A killer bee zombie (D:11)
  An ogre zombie (Orc:2)
  7 mummies (Crypt:3)
  A howler monkey zombie (D:11)
  Robin (D:5)
  13 gnolls
  9 adders
  A shadow imp (D:5)
  3 white imps
  A worm zombie (Lair:3)
  6 worms
  5 dart slugs
  66 orcs
  7 ball pythons
  4 bats
  4 endoplasms
  6 giant cockroaches
  7 goblins
  9 hobgoblins
  5 jackals
  An endoplasm zombie (Crypt:1)
  4 frilled lizards
  A giant cockroach zombie (Crypt:3)
  3 gnoll zombies
  29 kobolds
  3 kobold zombies
  49 orc zombies
  A quokka zombie (Crypt:3)
  A rat (D:1)
  A rat skeleton (Crypt:3)
  4 briar patches (Depths:3)
  A butterfly (Lair:3)
2320 creatures vanquished.

Vanquished Creatures (collateral kills)
  The ghost of gorillaNest the Thaumaturge, a journeyman DEFE of Vehumet (Lair:4)
  An ogre mage (D:13)
  A centaur warrior (D:15)
  A two-headed ogre (D:13)
  A hell hog (Lair:4)
  A thrashing horror (Lair:4)
  A death yak (Lair:5)
  Nergalle (Lair:2)
  An obsidian statue (D:10)
  A harpy (Lair:2)
  2 ugly things (Lair:4)
  A salamander (shapeshifter) (D:13)
  A black mamba (Lair:2)
  A cane toad (Lair:1)
  3 blink frogs (Lair:5)
  5 slime creatures
  A shadow (D:12)
  2 spriggans
  7 yaks
  3 basilisks
  A steam dragon (D:8)
  3 vampire mosquitoes (D:11)
  2 water moccasins
  An orc warrior (Orc:2)
  A boggart (D:11)
  4 wolves
  An ogre (Orc:1)
  A centaur (D:15)
  A scorpion (Lair:3)
  A gnoll sergeant (D:5)
  A wight (D:8)
  2 orc wizards
  2 gnolls
  4 orcs
  A kobold (D:13)
  A butterfly (Lair:3)
63 creatures vanquished.

Vanquished Creatures (others)
  A quicksilver dragon (Zot:1)
  A draconian knight (Zot:1)
  A manticore (Shoals:4)
  A wolf spider zombie (D:12)
  A spectral cyclops (D:14)
  3 black mamba zombies
  4 slime creature zombies
  3 two-headed ogre zombies
  An elf zombie (D:12)
  A human (D:4)
  2 manticore zombies (D:12)
  An elephant zombie (Lair:5)
  3 vampire mosquito zombies
  2 blink frog zombies
  2 komodo dragon zombies
  A yaktaur zombie (D:12)
  2 cyclops zombies
  A water moccasin zombie (D:8)
  A warg zombie (Orc:2)
  2 troll zombies
  3 yak zombies
  2 wolf zombies
  6 centaur zombies
  A black bear zombie (D:7)
  3 basilisk zombies (D:12)
  2 boggart zombies (D:11)
  2 ogre zombies
  2 hound zombies (D:5)
  4 gnoll zombies
  A dart slug zombie (D:5)
  3 giant cockroach zombies (Lair:3)
  3 hobgoblin zombies (D:5)
  5 kobold zombies
  17 orc zombies
  A briar patch (Depths:3)
  39 fungi
  163 plants
  4 tentacles (Shoals:4)
295 creatures vanquished.

Grand Total: 2678 creatures vanquished

Notes
Turn   | Place    | Note
-------+----------+-------------------------------------------
     0 | D:1      | Bnni the Demonspawn Fighter began the quest for the Orb.
     0 | D:1      | Reached XP level 1. HP: 18/18 MP: 1/1
    81 | D:1      | Gained mutation: You are partially covered in sharp spines.
                  | [demonic ancestry]
    81 | D:1      | Reached XP level 2. HP: 24/24 MP: 2/2
   590 | D:1      | Gained mutation: You are partially covered in icy blue
                  | scales. (AC +2) [demonic ancestry]
   590 | D:1      | Reached XP level 3. HP: 26/29 MP: 3/3
   969 | D:2      | Found Qiaq's Magic Scroll Emporium.
  1240 | D:2      | Gained mutation: You have a pair of small horns on your
                  | head. [demonic ancestry]
  1240 | D:2      | Reached XP level 4. HP: 35/35 MP: 4/4
  1750 | D:3      | Gained mutation: You are mostly covered in sharp spines.
                  | [demonic ancestry]
  1750 | D:3      | Reached XP level 5. HP: 41/42 MP: 5/5
  1844 | D:4      | Found a hide-covered altar of Uskayaw.
  1844 | D:4      | Found a sparkling altar of Nemelex Xobeh.
  1844 | D:4      | Found a shimmering altar of Xom.
  1859 | D:4      | Noticed an ogre
  1866 | D:4      | Killed an ogre
  1933 | D:4      | Gained mutation: Your demonic aura sometimes causes spilled
                  | blood to erupt in flames. [demonic ancestry]
  1933 | D:4      | Reached XP level 6. HP: 49/49 MP: 6/6
  2210 | D:4      | Reached skill level 5 in Fighting
  2210 | D:4      | Reached skill level 5 in Polearms
  2210 | D:4      | Reached XP level 7. HP: 55/56 MP: 7/7
  2224 | D:4      | Found a stormy altar of Qazlal.
  2386 | D:4      | Found a runed translucent door.
  2387 | D:4      | Noticed Crazy Yiuf
  2396 | D:4      | Killed Crazy Yiuf
  2461 | D:4      | Noticed Eustachio
  2471 | D:4      | Killed Eustachio
  2661 | D:4      | Found an ancient bone altar of Kikubaaqudgha.
  2666 | D:4      | Noticed a human
  2667 | D:4      | Killed a human
  2970 | D:5      | Entered Level 5 of the Dungeon
  3118 | D:5      | Reached XP level 8. HP: 34/64 MP: 8/8
  3270 | D:5      | Noticed Menkaure
  3553 | D:5      | Killed Menkaure
  3697 | D:5      | Found a staircase to the Ecumenical Temple.
  3706 | Temple   | Entered the Ecumenical Temple
  3874 | Temple   | Became a worshipper of Yredelemnul the Dark
  3942 | D:5      | Noticed Ijyb
  3950 | D:5      | Noticed Robin
  3960 | D:5      | Paralysed by Ijyb for 3 turns
  3969 | D:5      | Killed Ijyb
  3972 | D:5      | Killed Robin
  3976 | D:5      | Reached * piety under Yredelemnul
  3977 | D:5      | Reached skill level 1 in Invocations
  4067 | D:5      | Reached skill level 2 in Invocations
  4229 | D:5      | Your ally Robin died
  4388 | D:6      | Reached skill level 3 in Invocations
  4546 | D:6      | Gained mutation: You have a pair of horns on your head.
                  | [demonic ancestry]
  4546 | D:6      | Reached XP level 9. HP: 66/72 MP: 11/11
  4554 | D:6      | Reached ** piety under Yredelemnul
  4928 | D:7      | Found a broken altar of Ashenzari.
  4953 | D:7      | Reached skill level 4 in Invocations
  5018 | D:7      | Noticed Maggie
  5030 | D:7      | Killed Maggie
  5121 | D:7      | Reached skill level 5 in Invocations
  5164 | D:7      | Identified the ring of Affuim {Fly rCorr Dex+6 Stlth+}
  5259 | D:7      | Reached *** piety under Yredelemnul
  5497 | D:7      | Found a burning altar of Makhleb.
  5910 | D:8      | Identified the +0 leather armour of the Desert {rN+}
  5926 | D:8      | Reached skill level 6 in Invocations
  5950 | D:8      | Noticed a troll
  5961 | D:8      | Killed a troll
  6224 | D:8      | Found a staircase to the Lair.
  6349 | D:8      | Gained mutation: Your demonic aura often causes spilled
                  | blood to erupt in flames. [demonic ancestry]
  6349 | D:8      | Reached XP level 10. HP: 69/81 MP: 14/14
  6467 | D:8      | Reached skill level 10 in Polearms
  6473 | D:8      | Noticed a deep elf pyromancer
  6479 | D:8      | Killed a deep elf pyromancer
  6484 | D:8      | Reached skill level 7 in Invocations
  6490 | D:8      | Noticed a centaur warrior
  6493 | D:8      | Killed a centaur warrior
  6597 | D:8      | Noticed a centaur warrior
  6605 | D:8      | Killed a centaur warrior
  6980 | D:8      | Reached skill level 8 in Invocations
  7509 | D:9      | Reached XP level 11. HP: 35/89 MP: 17/17
  8374 | D:10     | Entered Level 10 of the Dungeon
  8405 | D:10     | Reached skill level 9 in Invocations
  8509 | D:10     | Noticed Grum
  8515 | D:10     | Killed Grum
  8720 | D:10     | Reached skill level 10 in Fighting
  8975 | D:10     | Noticed an obsidian statue
  9000 | D:10     | Killed an obsidian statue
  9287 | D:10     | Found a portal to a secret trove of treasure.
  9583 | D:10     | Reached skill level 10 in Invocations
  9603 | D:10     | Noticed a deep elf pyromancer
  9617 | D:10     | Killed a deep elf pyromancer
  9868 | D:11     | Found a flickering gateway to a bazaar.
  9913 | Bazaar   | Entered a bazaar
  9913 | Bazaar   | Found Koipros's Distillery.
  9938 | Bazaar   | Found Qeihiy's Antique Weapon Shop.
  9958 | Bazaar   | Found Nuqepuvy's Antique Armour Shop.
  9980 | Bazaar   | Bought a potion of heal wounds for 75 gold pieces
  9994 | Bazaar   | Bought a scorched chain mail for 199 gold pieces
  9994 | Bazaar   | Identified the +7 chain mail "Ygywekke" {rElec rC- rN++
                  | Int+3} (You bought it in a shop in a bazaar)
 10038 | D:11     | Noticed a two-headed ogre
 10045 | D:11     | Killed a two-headed ogre
 10152 | D:11     | Noticed a two-headed ogre
 10161 | D:11     | Noticed a two-headed ogre
 10207 | D:11     | Gained mutation: You have a pair of large horns on your
                  | head. [demonic ancestry]
 10207 | D:11     | Reached XP level 12. HP: 99/99 MP: 20/20
 10213 | D:11     | Reached skill level 11 in Invocations
 10407 | D:11     | Found a staircase to the Orcish Mines.
 10439 | D:11     | Noticed a boulder beetle
 10449 | D:11     | Killed a boulder beetle
 10821 | D:12     | Found Baat's General Store.
 11171 | D:12     | Noticed a two-headed ogre
 11189 | D:12     | Killed a two-headed ogre
 11195 | D:12     | Noticed a boulder beetle
 11243 | D:12     | Killed a boulder beetle
 11244 | D:12     | Reached skill level 12 in Invocations
 11472 | D:12     | Noticed a five-headed hydra
 11476 | D:12     | Killed a five-headed hydra
 11477 | D:12     | Reached skill level 1 in Throwing
 11816 | D:12     | Noticed a centaur warrior
 11838 | D:12     | Killed a centaur warrior
 11850 | D:12     | Noticed a two-headed ogre
 11860 | D:12     | Killed a two-headed ogre
 12108 | D:12     | Gained mutation: You are mostly covered in icy blue scales.
                  | (AC +3) [demonic ancestry]
 12108 | D:12     | Reached XP level 13. HP: 66/107 MP: 22/22
 12184 | D:12     | Noticed a fire dragon
 12203 | D:12     | Killed a fire dragon
 12204 | D:12     | Reached skill level 13 in Invocations
 12221 | D:12     | Reached skill level 5 in Throwing
 12663 | D:12     | Got the Octavo of Mutagenic Places
 12996 | D:13     | Noticed Nessos
 13192 | D:13     | Killed Nessos
 13402 | D:13     | Noticed Urug
 13713 | D:13     | Killed Urug
 13773 | D:13     | Noticed Jorgrun
 13789 | D:13     | Killed Jorgrun
 13800 | D:13     | Your ally Urug died
 14242 | D:13     | Reached skill level 14 in Invocations
 14430 | D:13     | Found a gate to the Vaults.
 15327 | D:14     | Reached **** piety under Yredelemnul
 15510 | D:14     | Reached ***** piety under Yredelemnul
 15652 | D:14     | Reached ****** piety under Yredelemnul
 15653 | D:14     | Reached XP level 14. HP: 118/118 MP: 24/24
 15662 | D:14     | Found the necklace of Bloodlust {Fury *Rage Will++ Int-3
                  | Slay+6}
 15679 | D:14     | Found a stormy altar of Qazlal.
 16329 | D:15     | Entered Level 15 of the Dungeon
 16657 | D:15     | Found a blossoming altar of Fedhas.
 16791 | D:15     | Reached skill level 15 in Invocations
 17789 | D:14     | HP: 5/118 [freezing wraith[a death knight] (23)]
 17949 | Lair:1   | Entered Level 1 of the Lair of Beasts
 18873 | Lair:2   | Reached skill level 10 in Throwing
 19040 | Lair:2   | Noticed Nergalle
 19045 | Lair:2   | Killed Nergalle
 19400 | Lair:2   | Found a staircase to the Shoals.
 19763 | Lair:3   | Found a hole to the Spider Nest.
 19879 | Lair:3   | Found an ancient bone altar of Kikubaaqudgha.
 20557 | Lair:3   | Reached skill level 16 in Invocations
 20596 | Lair:3   | Found the +8 whip "Snakebite" {venom, curare, rPois}
 20981 | Lair:4   | Found a transporter.
 20993 | Lair:4   | Found a viscous altar of Jiyva.
 20994 | Lair:4   | Found a staircase to the Slime Pits.
 21352 | Lair:4   | Found a transporter.
 21635 | Lair:4   | Found a one-way gate to the infinite horrors of the Abyss.
 21635 | Lair:4   | Noticed gorillaNest's ghost (journeyman DEFE)
 21849 | Lair:4   | Killed gorillaNest's ghost
 21852 | Lair:4   | Gained mutation: Your demonic aura causes all spilled blood
                  | to erupt in flames. [demonic ancestry]
 21852 | Lair:4   | Reached XP level 15. HP: 48/126 MP: 16/27
 22302 | Lair:5   | Entered Level 5 of the Lair of Beasts
 22694 | Lair:5   | HP: 3/127 [death yak (18)]
 23715 | Orc:1    | Entered Level 1 of the Orcish Mines
 24051 | Orc:1    | Found Ariuriyl's General Store.
 24054 | Orc:1    | Bought a potion of heal wounds for 75 gold pieces
 24276 | Orc:2    | Entered Level 2 of the Orcish Mines
 24346 | Orc:2    | Reached skill level 17 in Invocations
 24421 | Orc:2    | Found Qaifamo's Antique Armour Boutique.
 24426 | Orc:2    | Found Doj Jeilumm's General Store.
 24619 | Orc:2    | Found a staircase to the Elven Halls.
 24693 | Orc:2    | Found Suklatum's Jewellery Boutique.
 24786 | Orc:2    | Found Irhonu's Antique Weapon Boutique.
 25109 | Orc:2    | Bought the +5 Storm Queen's Shield {shock, Fly rElec} for
                  | 1003 gold pieces
 25109 | Orc:2    | Found the +5 Storm Queen's Shield {shock, Fly rElec}
 25109 | Orc:2    | Bought a glowing cloak for 165 gold pieces
 25594 | D:4      | Fell from the grace of Yredelemnul
 25594 | D:4      | Became a worshipper of Uskayaw the Reveller
 25895 | D:14     | Reached * piety under Uskayaw
 25898 | D:14     | Reached ** piety under Uskayaw
 25904 | D:14     | Reached *** piety under Uskayaw
 25969 | D:15     | Reached skill level 15 in Fighting
 26037 | D:15     | Reached **** piety under Uskayaw
 26662 | D:15     | Found a staircase to the Depths.
 27293 | Spider:1 | Entered Level 1 of the Spider Nest
 27314 | Spider:1 | Reached ***** piety under Uskayaw
 27538 | Spider:1 | Gained mutation: Your hexes are more powerful. [demonic
                  | ancestry]
 27538 | Spider:1 | Reached XP level 16. HP: 114/136 MP: 28/28
 27762 | Spider:1 | Noticed an ancient champion
 27774 | Spider:1 | Killed an ancient champion
 27856 | Spider:1 | Reached skill level 5 in Shields
 27886 | Spider:1 | Reached ****** piety under Uskayaw
 28388 | Spider:1 | Noticed a death cob
 28391 | Spider:1 | Killed a death cob
 29352 | Spider:2 | Reached skill level 18 in Invocations
 30361 | Spider:3 | Was forgiven by Yredelemnul
 30362 | Spider:3 | Noticed a death cob
 30374 | Spider:3 | Killed a death cob
 30427 | Spider:3 | Noticed Nikola
 30435 | Spider:3 | Killed Nikola
 30909 | Spider:4 | Entered Level 4 of the Spider Nest
 31361 | Spider:4 | HP: 5/138 [wolf spider simulacrum (15)]
 31783 | Spider:4 | Reached skill level 15 in Throwing
 31786 | Spider:4 | Reached XP level 17. HP: 144/144 MP: 30/30
 32621 | Spider:4 | Reached skill level 19 in Invocations
 32658 | Spider:4 | Identified the +0 pair of gloves "Keazxij" {rElec Str+2}
 32662 | Spider:4 | Got a gossamer rune of Zot
 32918 | Spider:4 | Noticed Arachne
 32933 | Spider:4 | Killed Arachne
 33172 | Shoals:1 | Entered Level 1 of the Shoals
 34453 | Shoals:2 | Found Butis's Weapon Shop.
 34460 | Shoals:2 | Noticed Frances
 34846 | Shoals:2 | Killed Frances
 35540 | Shoals:3 | Reached skill level 20 in Invocations
 35608 | Shoals:3 | Identified the +0 pair of boots of a Million Spreadsheets
                  | {Harm Will+}
 35941 | Shoals:3 | Reached XP level 18. HP: 140/153 MP: 32/32
 36008 | Shoals:3 | Identified the ring of Iryli {rN+ Dex+3}
 36691 | Shoals:4 | Entered Level 4 of the Shoals
 37224 | Shoals:4 | Got a barnacled rune of Zot
 37471 | Shoals:4 | Identified the +3 great mace of Entrepreneurial Spirit
                  | {heavy, +Blink MP+9}
 38063 | Shoals:4 | Reached skill level 5 in Armour
 38194 | Shoals:4 | Reached skill level 21 in Invocations
 38408 | Shoals:4 | Noticed Mlioglotl
 38412 | Shoals:4 | Killed Mlioglotl
 38522 | Shoals:4 | Found a runed translucent gate.
 38522 | Shoals:4 | Found a runed translucent gate.
 38522 | Shoals:4 | Found a runed translucent gate.
 38523 | Shoals:4 | Noticed BRD's ghost (adept BaRe)
 38543 | Shoals:4 | Killed BRD's ghost
 39203 | Depths:1 | Entered Level 1 of the Depths
 39207 | Depths:1 | Found Goowog's Jewellery Shoppe.
 39235 | Depths:1 | Found Dusest's Antique Armour Shoppe.
 40563 | Depths:1 | Got the Catalogue of Reconstruction and the Icicle
 40605 | Depths:1 | Found the +7 lajatang of Order {silver, rMut}
 40608 | Depths:1 | Found a gateway to Hell.
 40861 | Depths:1 | Found a shimmering altar of Xom.
 40998 | Depths:2 | Reached skill level 22 in Invocations
 41222 | Depths:2 | Reached skill level 10 in Shields
 41267 | Depths:2 | Noticed a lich
 41289 | Depths:2 | Killed a lich
 41483 | Depths:2 | Reached XP level 19. HP: 140/161 MP: 34/34
 41918 | Depths:2 | Found a one-way gate leading to the halls of Pandemonium.
 42257 | Depths:2 | Noticed a juggernaut
 42271 | Depths:2 | Killed a juggernaut
 42370 | Depths:2 | Identified the +4 scimitar "Zatuukun" {drain, rElec rC+
                  | Str+2 Dex+2}
 42458 | Depths:2 | Reached skill level 23 in Invocations
 44076 | Depths:3 | Found a sacrificial altar of Ru.
 44111 | Depths:3 | HP: 5/163 [balrug/+2 demon whip of venom (23)]
 44113 | Depths:3 | HP: 1/163 [balrug/bolt of fire (34)]
 44563 | Depths:3 | Identified the +9 dagger of Yhexeo Agge {antimagic, rF-
                  | Will+ Int+3}
 44743 | Depths:3 | Reached skill level 24 in Invocations
 44790 | Depths:3 | Gained mutation: You are completely covered in sharp
                  | spines. [demonic ancestry]
 44790 | Depths:3 | Reached XP level 20. HP: 152/172 MP: 25/36
 45081 | Depths:3 | Noticed the Enchantress
 45092 | Depths:3 | Killed the Enchantress
 45200 | Depths:4 | Entered Level 4 of the Depths
 46003 | Depths:4 | Learned a level 2 spell: Wereblood
 46007 | Depths:4 | Learned a level 3 spell: Portal Projectile
 46012 | Depths:4 | Learned a level 4 spell: Manifold Assault
 46018 | Depths:4 | Learned a level 5 spell: Yara's Violent Unravelling
 46386 | Depths:4 | Found Naodifo's Neck Hole.
 46482 | Depths:4 | Found a one-way gateway to a ziggurat.
 46657 | Depths:4 | Noticed a bone dragon
 46682 | Depths:4 | Killed a bone dragon
 47025 | Depths:4 | Reached skill level 25 in Invocations
 47274 | Depths:4 | Found a gate to the Realm of Zot.
 47772 | Slime:1  | Entered Level 1 of the Pits of Slime
 48545 | Slime:4  | Gained mutation: You sometimes lose your temper in combat.
                  | [a shining eye]
 48549 | Slime:4  | Gained mutation: You occasionally lose the ability to read
                  | scrolls when taking damage. [a shining eye]
 48555 | Slime:5  | Entered Level 5 of the Pits of Slime
 48601 | Slime:5  | Noticed the Royal Jelly
 48878 | Slime:4  | Lost mutation: You sometimes lose your temper in combat.
                  | [potion of mutation]
 48878 | Slime:4  | Lost mutation: You occasionally lose the ability to read
                  | scrolls when taking damage. [potion of mutation]
 48878 | Slime:4  | Gained mutation: You are agile. (Dex +4, Str/Int -1)
                  | [potion of mutation]
 48878 | Slime:4  | Gained mutation: You occasionally shout uncontrollably at
                  | your foes. [potion of mutation]
 48878 | Slime:4  | Gained mutation: Your body sometimes deteriorates upon
                  | taking damage. [potion of mutation]
 48879 | Slime:4  | Lost mutation: You occasionally shout uncontrollably at
                  | your foes. [potion of mutation]
 48879 | Slime:4  | Lost mutation: You are agile. (Dex +4, Str/Int -1) [potion
                  | of mutation]
 48879 | Slime:4  | Gained mutation: You have large cloven feet. [potion of
                  | mutation]
 48879 | Slime:4  | Gained mutation: You have very sharp teeth. [potion of
                  | mutation]
 48880 | Slime:4  | Lost mutation: You have very sharp teeth. [potion of
                  | mutation]
 48880 | Slime:4  | Lost mutation: You have large cloven feet. [potion of
                  | mutation]
 48880 | Slime:4  | Gained mutation: You are strong-willed. (Will+) [potion of
                  | mutation]
 48880 | Slime:4  | Gained mutation: Your muscles are strong. (Str +4, Int/Dex
                  | -1) [potion of mutation]
 48880 | Slime:4  | Gained mutation: Your system is resistant to poisons.
                  | (rPois) [potion of mutation]
 48880 | Slime:4  | Gained mutation: You passively map a small area around you.
                  | [potion of mutation]
 48881 | Slime:4  | Lost mutation: You passively map a small area around you.
                  | [potion of mutation]
 48881 | Slime:4  | Lost mutation: Your body sometimes deteriorates upon taking
                  | damage. [potion of mutation]
 48881 | Slime:4  | Gained mutation: You possess an exceptional clarity of
                  | mind. [potion of mutation]
 48881 | Slime:4  | Gained mutation: Your flesh is cold resistant. (rC+)
                  | [potion of mutation]
 48881 | Slime:4  | Gained mutation: You passively dampen the noise of your
                  | surroundings. [potion of mutation]
 48911 | Slime:5  | Killed the Royal Jelly
 48912 | Slime:5  | Reached skill level 10 in Armour
 48912 | Slime:5  | Reached XP level 21. HP: 174/180 MP: 28/37
 49311 | Slime:5  | Reached skill level 26 in Invocations
 49530 | Slime:5  | Identified the +1 scale mail "Fecinol" {rF+ Str+2}
 49534 | Slime:5  | Identified the amulet "Ragg" {Spirit rElec rPois rN++
                  | Int-5}
 49540 | Slime:5  | Identified the amulet of the Imbibing Gods {Spirit Harm
                  | Drain Regen+ MP+9 Int+3}
 49550 | Slime:5  | Identified the +8 mace "Daemeap Vaz" {heavy, rElec Will-
                  | SInv}
 49559 | Slime:5  | Identified the ring "Kaunk" {Wiz rPois MP+9 Str-2}
 49566 | Slime:5  | Got a slimy rune of Zot
 49589 | Slime:5  | Gained mutation: You are occasionally teleported next to
                  | monsters. [a shining eye]
 49611 | Slime:5  | Identified the +4 quarterstaff of Noon {pain, rC- rN+++
                  | Will+++ Dex-2}
 49614 | Slime:5  | Identified the +6 halberd of Pandemonium {drain, rN+ Dex+3}
 49623 | Slime:5  | Identified the +8 long sword "Demonspawn's Peril" {venom,
                  | rElec rF++ Will+ Stlth+}
 50174 | Slime:5  | Lost mutation: You are occasionally teleported next to
                  | monsters. [potion of mutation]
 50174 | Slime:5  | Lost mutation: You are strong-willed. (Will+) [potion of
                  | mutation]
 50174 | Slime:5  | Lost mutation: Your muscles are strong. (Str +4, Int/Dex
                  | -1) [potion of mutation]
 50174 | Slime:5  | Gained mutation: You have hidden genetic defects. [potion
                  | of mutation]
 50174 | Slime:5  | Gained mutation: Potions are less effective at restoring
                  | your health. [potion of mutation]
 50175 | Slime:5  | Lost mutation: You passively dampen the noise of your
                  | surroundings. [potion of mutation]
 50175 | Slime:5  | Lost mutation: Potions are less effective at restoring your
                  | health. [potion of mutation]
 50175 | Slime:5  | Lost mutation: Your flesh is cold resistant. (rC+) [potion
                  | of mutation]
 50176 | Slime:5  | Lost mutation: You possess an exceptional clarity of mind.
                  | [potion of mutation]
 50176 | Slime:5  | Lost mutation: You have hidden genetic defects. [potion of
                  | mutation]
 50176 | Slime:5  | Lost mutation: Your system is resistant to poisons. (rPois)
                  | [potion of mutation]
 50176 | Slime:5  | Gained mutation: Your spells are a little harder to cast,
                  | but a little more powerful. [potion of mutation]
 50176 | Slime:5  | Gained mutation: You have hidden genetic potential. [potion
                  | of mutation]
 50176 | Slime:5  | Gained mutation: You are resistant to electric shocks.
                  | (rElec) [potion of mutation]
 50479 | Elf:1    | Entered Level 1 of the Elven Halls
 50669 | Elf:1    | Noticed Louise
 50686 | Elf:1    | Killed Louise
 50725 | Elf:1    | Found Owky's Book Shoppe.
 50731 | Elf:1    | Bought Maxwell's Memoranda for 608 gold pieces
 50735 | Elf:1    | Learned a level 3 spell: Vhi's Electric Charge
 50739 | Elf:1    | Learned a level 3 spell: Swiftness
 50903 | Elf:1    | Paralysed by an orc sorcerer for 3 turns
 51232 | Elf:1    | Found a shimmering altar of Xom.
 51511 | Elf:2    | Found a runed translucent gate.
 51511 | Elf:2    | Found a runed translucent gate.
 51511 | Elf:2    | Found a runed translucent gate.
 52526 | Elf:2    | Reached skill level 27 in Invocations
 52901 | Elf:3    | Entered Level 3 of the Elven Halls
 53052 | Vaults:1 | Entered Level 1 of the Vaults
 53053 | Vaults:1 | Identified a scroll of acquirement
 53054 | Vaults:1 | Acquired the ring of Kurivvarph {Fly rElec rC+++ MP-9
                  | Slay+4}
 53514 | Vaults:1 | Gained mutation: Your melee attacks may debilitate your
                  | foes. [demonic ancestry]
 53514 | Vaults:1 | Reached XP level 22. HP: 185/190 MP: 30/39
 54427 | Vaults:2 | Reached skill level 1 in Translocations
 54452 | Vaults:2 | Gained mutation: You are agile. (Dex +4, Str/Int -1)
                  | [hidden potential]
 55705 | Vaults:3 | Got the Volume of the Combined Squall
 55748 | Vaults:3 | Reached skill level 5 in Translocations
 56834 | Vaults:3 | Found a staircase to the Crypt.
 57403 | Vaults:4 | Reached XP level 23. HP: 177/199 MP: 28/40
 57420 | Vaults:4 | Reached skill level 1 in Spellcasting
 57501 | Vaults:4 | Found Yhoalata's Antique Weapon Emporium.
 57599 | Vaults:4 | Gained mutation: You are strong-willed. (Will+) [hidden
                  | potential]
 57599 | Vaults:4 | Lost mutation: You have hidden genetic potential. [hidden
                  | potential expressed]
 57768 | Vaults:4 | Learned a level 4 spell: Passage of Golubria
 58894 | Crypt:1  | Entered Level 1 of the Crypt
 58898 | Crypt:1  | Reached skill level 10 in Translocations
 58926 | Vaults:3 | Reached skill level 1 in Hexes
 58974 | Crypt:1  | Reached skill level 1 in Air Magic
 59137 | Crypt:1  | Noticed Frederick
 59140 | Crypt:1  | Killed Frederick
 59740 | Crypt:1  | Noticed Jory
 59746 | Crypt:1  | Found an ancient bone altar of Kikubaaqudgha.
 59750 | Crypt:1  | Killed Jory
 59779 | Crypt:1  | Identified the +5 shortbow of the Arena {speed, Int+4}
 60046 | Crypt:2  | Learned a level 6 spell: Dispersal
 60130 | Crypt:2  | Reached skill level 5 in Spellcasting
 60130 | Crypt:2  | Reached skill level 5 in Hexes
 60130 | Crypt:2  | Reached skill level 1 in Transmutations
 60388 | Crypt:2  | Noticed Xtahua
 60394 | Crypt:2  | Gained mutation: You are completely covered in icy blue
                  | scales. (AC +4, rC+) [demonic ancestry]
 60394 | Crypt:2  | Reached XP level 24. HP: 126/208 MP: 31/40
 60397 | Crypt:2  | Killed Xtahua
 61021 | Crypt:2  | Reached skill level 5 in Air Magic
 61487 | Crypt:3  | Entered Level 3 of the Crypt
 61562 | Crypt:3  | Noticed a dread lich
 61594 | Crypt:3  | Killed a dread lich
 62778 | Crypt:3  | Found a staircase to the Tomb.
 62983 | Crypt:3  | Noticed an ancient lich
 62983 | Crypt:3  | Noticed a dread lich
 63001 | Crypt:3  | Killed an ancient lich
 63012 | Crypt:3  | Killed a dread lich
 63014 | Crypt:3  | Noticed an ancient lich
 63039 | Crypt:3  | Killed an ancient lich
 63046 | Crypt:3  | Got the Discourse on Spectres
 63054 | Crypt:3  | Got Tunnusoc's Catalogue of Stormy Poison
 63067 | Crypt:3  | Learned a level 2 spell: Lesser Beckoning
 63484 | Zot:1    | Entered Level 1 of the Realm of Zot
 64278 | Depths:4 | Reached skill level 5 in Transmutations
 64886 | Zot:1    | Reached skill level 15 in Armour
 65586 | Zot:1    | Reached XP level 25. HP: 215/216 MP: 31/40
 66731 | Zot:2    | Got the Secrets of Weird Cadavers
 66756 | Zot:2    | Noticed a Killer Klown
 66776 | Zot:2    | Killed a Killer Klown
 66890 | Zot:2    | Noticed a Killer Klown
 66902 | Zot:2    | Killed a Killer Klown
 67360 | Zot:3    | Noticed Vv
 67383 | Zot:3    | Killed Vv
 67528 | Zot:3    | Noticed a Killer Klown
 67538 | Zot:3    | Killed a Killer Klown
 67891 | Zot:3    | Noticed an orb of fire
 67896 | Zot:3    | Killed an orb of fire
 68466 | Zot:3    | Found a transporter.
 68486 | Zot:3    | Noticed an orb of fire
 68497 | Zot:3    | Killed an orb of fire
 68860 | Zot:3    | Identified the +5 dagger "Vaops" {freeze, Fly rF- Will+++
                  | Int+2}
 68934 | Zot:3    | Identified the +3 chain mail "Miffa" {rElec}
 69261 | Zot:4    | Reached skill level 10 in Hexes
 70767 | Zot:5    | Entered Level 5 of the Realm of Zot
 71380 | Zot:5    | Noticed an ancient lich
 71382 | Zot:5    | Noticed an ancient lich
 71384 | Zot:5    | Noticed an orb of fire
 71387 | Zot:5    | Noticed an orb of fire
 71390 | Zot:5    | Killed an orb of fire
 71391 | Zot:5    | Noticed a dread lich
 71392 | Zot:5    | Noticed a Killer Klown
 71396 | Zot:5    | Killed an ancient lich
 71397 | Zot:5    | Noticed an ancient lich
 71397 | Zot:5    | Noticed an orb of fire
 71397 | Zot:5    | Noticed a dread lich
 71397 | Zot:5    | Noticed an orb of fire
 71398 | Zot:5    | Killed an orb of fire
 71398 | Zot:5    | Noticed an ancient lich
 71398 | Zot:5    | Noticed an orb of fire
 71398 | Zot:5    | Noticed a dread lich
 71399 | Zot:5    | Gained mutation: You are surrounded by an aura of silence.
                  | [demonic ancestry]
 71399 | Zot:5    | Reached XP level 26. HP: 108/226 MP: 23/40
 71404 | Zot:5    | Gained mutation: You occasionally lose the ability to drink
                  | potions when taking damage. [an orb of fire]
 71405 | Zot:5    | Killed from afar by an orb of fire

Illustrated notes

Levels and vault maps discovered:
D:1:      tarquinn_simple_flora_water_f, layout_basic
D:2:      layout_loops_cross, serial_shops, shop_scrolls
D:3:      layout_basic, serial_rivers, chequers_serial_rivers_room_b,
          chequers_serial_rivers_marsh, chequers_serial_rivers_micro_a,
          chequers_serial_rivers_micro_b, serial_park_tiny_pond
D:4:      layout_loops_ring, tgw_kikubaaqudgha,
          nicolae_overflow_quartered_altars, nicolae_figureground_sparkle,
          uniq_crazy_yiuf_cottage, uniq_eustachio
D:5:      layout_rooms, temple_fountains, nrook_uturn, nicolae_goblin_pals,
          uniq_menkaure
D:6:      layout_rooms
D:7:      layout_cave_pools, mainiacjoe_overflow_catwalk,
          mainiacjoe_overflow_swirl, kennysheep_generic_room_8, uniq_maggie
D:8:      minmay_distorted_concentric_squares, layout_cave_pods,
          lair_entry_dummy
D:9:      layout_basic, item_on_display_a
D:10:     cheibrodos_barr_body, layout_basic, nicolae_trove_entry_crystal,
          minmay_variable_closet, minmay_statue_bubble, uniq_grum
D:11:     layout_roguey, orc_0_dummy, serial_shops, bzr_entry_customers
D:12:     minmay_the_grid_square_5x5_4x4_mashed
          [minmay_the_grid_square_5x5_spiral_small,
          minmay_the_grid_square_5x5_detours,
          minmay_the_grid_square_5x5_gyroscope,
          minmay_the_grid_square_5x5_minimal, minmay_the_grid_square_5x5_mess,
          minmay_the_grid_square_5x5_prize_gold,
          minmay_the_grid_square_5x5_prize_deathbox,
          minmay_the_grid_square_5x5_hollow_slash,
          minmay_the_grid_square_5x5_lines,
          minmay_the_grid_square_5x5_prize_open,
          minmay_the_grid_square_5x5_prize_junk,
          minmay_the_grid_square_5x5_eight_small,
          minmay_the_grid_square_5x5_tetrominoes,
          minmay_the_grid_square_5x5_six_small,
          minmay_the_grid_square_5x5_n_small,
          minmay_the_grid_square_5x5_moneybag], layout_loops_ring, serial_shops,
          shop_statue
D:13:     layout_rooms, hangedman_vaults_entry_quadrant_bands,
          hangedman_decor_growths, nicolae_tso_swordbearing_angel, uniq_nessos,
          uniq_jorgrun, uniq_urug
D:14:     layout_stronghold, nicolae_qazlal_scattered_showers
D:15:     grunt_enter_depths_magical_seal, layout_layer_cave, fedhas_altar_3
Temple:   nicolae_temple_bog_church
Lair:1:   layout_gridlike, infiniplex_staircase_pool
Lair:2:   layout_chaotic_city, nicolae_shoals_entry_roost, patterned_corridor,
          grunt_megastairs_2, uniq_nergalle
Lair:3:   minmay_guarded_unrand_snakebite, layout_loops_ring,
          nicolae_spider_entry_non_spiders, basic_altar, serial_bayou_shore_b,
          grunt_megastairs_1, lemuel_fruit_fields
Lair:4:   layout_regular_city, minmay_slime_entry_pillars,
          gammafunk_ghost_abyssal_escape
Lair:5:   gammafunk_lair_ancient_temple, layout_misc_corridors
Shoals:1: layout_shoals
Shoals:2: layout_shoals, serial_shops, nicolae_take_the_stairs, uniq_frances
Shoals:3: layout_shoals
Shoals:4: shoals_end_grunt_ice, layout_shoals, ebering_ghost_rock_garden,
          nicolae_shoals_songs, uniq_mlioglotl
Spider:1: layout_chambers, drop_trap, hellmonk_watch_for_rolling_rocks
Spider:2: layout_spider_delve
Spider:3: layout_spider_delve, hangedman_spider_tarantella_strand, uniq_nikola
Spider:4: grunt_spider_rune_parallel, uniq_arachne
Slime:1:  layout_caves, cheibrodos_slime_lost_civilization_7
Slime:2:  layout_caves, nicolae_slime_getting_an_eyeful
Slime:3:  nicolae_slime_jelly_donut, layout_caves,
          cheibrodos_slime_lost_civilization_4, uniq_dissolution
Slime:4:  layout_caves
Slime:5
Orc:1:    layout_diamond_mine, serial_shops, nicolae_shop_behind_doors,
          nicolae_orc_bridge_out
Orc:2:    grunt_orc_cross, layout_caves, basic_altar, nicolae_orc_crystal_geode
Elf:1:    eino_elf_arrival_the_gate, layout_loops_cross, basic_altar,
          serial_shops, nicolae_shop_crystal, minmay_elf_sorcery,
          corexii_hall_statues_x, corexii_hall_statues_l, uniq_louise
Elf:2:    nicolae_elf_blades_crystal_corner, layout_geoelf_grid, hex_tiny,
          serial_sigils_hangedman_snap
Elf:3:    nooodl_elf_gasket, layout_rooms, serial_sigils_hangedman_scratch,
          glass_columns_a
Vaults:1: nicolae_vaults_little_squares_4, ontoclasm_vaults_hangar,
          ontoclasm_vaults_hangar, nicolae_vaults_angled_halls,
          vaults_room_pools, v_alt_pattern_4, vaults_dpeg_emergency_exit,
          v_pattern_3, layout_vaults_quadrants
Vaults:2: nicolae_vaults_stairing_the_circle, nicolae_vaults_meeting,
          vaults_dpeg_diagonal, grunt_vaults_trifunnel,
          nicolae_vaults_little_squares_4, hangedman_vaults_capsules,
          nicolae_vaults_little_squares_5, v_misc_2, vaults_mumra_hexcomb,
          v_alt_pattern_5, vaults_room_pools, grunt_vaults_bifocal,
          nicolae_vaults_angled_halls, layout_vaults_maze
Vaults:3: vaults_mumra_lcd, minmay_crypt_entry_simple_round,
          hangedman_vaults_stitches, v_rooms_5, hangedman_vaults_hat, v_misc_28,
          nicolae_vaults_big_angled_halls, nicolae_vaults_what_the_h,
          ontoclasm_vaults_ring_square, nicolae_vaults_alarming, v_misc_23,
          grunt_vaults_diagonal, layout_vaults_omnibox
Vaults:4: grunt_vaults_hallway_short, ontoclasm_vaults_ring_large,
          ontoclasm_vaults_idyll, nicolae_vaults_quadrants, v_rooms_1,
          v_pattern_4, v_alt_pattern_3, v_misc_10, v_alt_pattern_2,
          nicolae_vaults_circle_grid_a, vaults_dpeg_ring, ontoclasm_vaults_chip,
          layout_vaults_omnicross, serial_shops, nicolae_shop_crystal
Crypt:1:  lemuel_vampire_tower, layout_chaotic_city, uniq_jory, uniq_frederick
Crypt:2:  layout_gridlike, uniq_xtahua
Crypt:3:  david_glass_crypt, layout_basic, nicolae_tomb_entry_grand_gallery,
          minivault_25
Depths:1: layout_cave_pools, lightli_too_deep, kennysheep_nondescript,
          minmay_misc_feat_cross, tgw_xom, kennysheep_random_hallway,
          minmay_shop_star
Depths:2: giant_chief_lemuel, layout_long_grid, grunt_pan_entry_sceptre,
          kennysheep_path_1, hangedman_geh_valley, kennysheep_dice,
          infiniplex_staircase_zigzag_4
Depths:3: grunt_forest_end_winery, layout_long_grid, nicolae_ru_path_of_blood,
          hellmouth_1, abyss_entry
Depths:4: evilmike_zot_entry_argh, layout_gridlike, enter_ziggurat_d,
          hell_entry, pan_entry, minmay_misc_feat_ornament, abyss_entry,
          minmay_crystal_water, grunt_ministairs_8, serial_sigils_hangedman_gut,
          nicolae_shop_sticking_my_neck_out
Zot:1:    layout_onion, lemuel_golem_globe
Zot:2:    layout_gridlike, hangedman_zot_decor_tridents, grunt_megastairs_3
Zot:3:    layout_basic, nicolae_diode_basic, uniq_vv
Zot:4:    layout_gridville, grunt_ministairs_13
Zot:5:    layout_misc_corridors, grunt_ministairs_8

Skill      XL: |  1  2  3  4  5  6  7  8  9 10 11 12 13 14 15 16 17 18 19 20 21 22 23 24 25 |
---------------+----------------------------------------------------------------------------+-----
Polearms       | 2 3 4 5 6 8 9 11 13 14 | 14.0
Shields        | 3 4 6 8 10 11 12 13 14 | 14.0
Fighting       | 4 5 6 7 8 9 10 11 13 14 15 16 17 18 19 20 21 22 | 22.3
Invocations    | 3 6 8 10 12 14 16 17 18 20 22 24 25 27 | 27.0
Throwing       | 4 8 11 13 15 16 | 16.0
Armour         | 3 6 8 10 11 13 14 15 16 | 16.4
Translocations | 8 10 11 12 | 12.0
Spellcasting   | 5 6 |  6.0
Hexes          | 5 8 11 | 11.1
Air Magic      | 4 7 8 |  8.0
Transmutations | 1 5 9 |  9.0

Action                     |  1- 3 |  4- 6 |  7- 9 | 10-12 | 13-15 | 16-18 | 19-21 | 22-24 | 25-27 || total
---------------------------+-------+-------+-------+-------+-------+-------+-------+-------+-------++-------
  Melee: Trident           |    72 |   111 |   309 |   557 |   880 |   886 |       |       |       ||  2815
         Headbutt          |       |    16 |    54 |   103 |   212 |   261 |   329 |   398 |   153 ||  1526
         Whip              |       |       |       |       |   107 |       |       |       |       ||   107
         Halberd           |       |       |       |       |    84 |       |       |       |       ||    84
         Demon trident     |       |       |       |       |       |   450 |  1240 |  1415 |   482 ||  3587
  Throw: Boomerang         |       |       |     4 |    10 |    79 |   216 |    40 |    21 |     2 ||   372
         Dart              |       |       |     3 |     2 |     3 |     7 |     1 |       |       ||    16
         Javelin           |       |       |       |     4 |    14 |    11 |     4 |     1 |    17 ||    51
         Throwing net      |       |       |       |     1 |     1 |       |     2 |       |     1 ||     5
   Cast: Wereblood         |       |       |       |       |       |       |       |       |     2 ||     2
 Invoke: Dark Bargain      |       |       |     1 |     1 |     4 |       |       |       |       ||     6
         Recall Undead Har |       |       |       |     2 |    16 |       |       |       |       ||    18
         Bind Soul         |       |       |       |       |     1 |       |       |       |       ||     1
         Drain Life        |       |       |       |       |     1 |       |       |       |       ||     1
         Grand Finale      |       |       |       |       |       |     5 |     9 |     9 |     2 ||    25
         Line Pass         |       |       |       |       |       |     1 |     3 |     1 |     1 ||     6
  Evoke: Wand              |       |       |     5 |     4 |    11 |       |     3 |     2 |       ||    25
         Condenser vane    |       |       |       |       |       |       |       |     1 |       ||     1
    Use: Scroll            |       |     8 |     1 |     3 |    14 |    17 |     5 |     3 |     3 ||    54
         Potion            |       |       |     1 |     2 |     9 |     3 |    17 |     1 |     7 ||    40
   Stab: Paralysed         |       |       |    11 |     2 |    14 |   188 |   173 |   214 |    49 ||   651
         Distracted        |       |       |       |     4 |     6 |     1 |       |       |     2 ||    13
         Held in net/web   |       |       |       |       |     2 |     1 |       |       |     1 ||     4
         Invisible         |       |       |       |       |       |     6 |       |       |       ||     6
         Confused          |       |       |       |       |       |     2 |     3 |       |       ||     5
 Armour: Scale mail        |    20 |     3 |       |       |       |       |       |       |       ||    23
         Plate armour      |       |    19 |   108 |   102 |   286 |    84 |       |       |       ||   599
         Chain mail        |       |       |       |       |       |   281 |   252 |   311 |   154 ||   998
  Dodge: Dodged            |    19 |     7 |    42 |    49 |   147 |   108 |    81 |   104 |    54 ||   611
  Block: Buckler           |    15 |    33 |   113 |   138 |   225 |       |       |       |       ||   524
         Reflection        |       |     2 |     9 |    12 |    20 |    45 |    66 |    27 |     4 ||   185
         Kite shield       |       |       |       |       |    42 |   726 |   604 |   721 |   276 ||  2369

Table legend: (Time is in decaauts)
 A = Elapsed time spent in this place.
 B = Non-inter-level travel time spent in this place.
 C = Inter-level travel time spent in this place.
 D = Time resting spent in this place.
 E = Time spent auto-exploring this place.
 F = Levels seen in this place.
 G = Mean time per level.
                   A        B        C        D        E       F      G
               +--------+--------+--------+--------+--------+-----+--------+
         Total |  70237 |  65191 |   5046 |  15048 |  39125 |  56 | 1254.2 |
       Dungeon |  20215 |  18187 |   2028 |   4215 |  11167 |  15 | 1347.7 |
        Temple |    195 |    160 |     35 |      0 |    146 |   1 |  195.0 |
          Lair |   6299 |   5325 |    974 |    419 |   4042 |   5 | 1259.8 |
        Shoals |   5582 |   5249 |    333 |    735 |   3585 |   4 | 1395.5 |
   Spider Nest |   6048 |   5924 |    124 |   1895 |   2961 |   4 | 1512.0 |
    Slime Pits |   2389 |   2297 |     92 |   1273 |    430 |   5 |  477.8 |
  Orcish Mines |   1539 |   1342 |    197 |      9 |    978 |   2 |  769.5 |
   Elven Halls |   2395 |   2273 |    122 |    183 |   1607 |   3 |  798.3 |
        Vaults |   5799 |   5498 |    301 |    303 |   4380 |   4 | 1449.8 |
         Crypt |   4043 |   3919 |    124 |    808 |   2359 |   3 | 1347.7 |
        Depths |   8544 |   8072 |    472 |   3030 |   3703 |   4 | 2136.0 |
           Zot |   7089 |   6851 |    238 |   2174 |   3721 |   5 | 1417.8 |
        Bazaar |     95 |     95 |      0 |      0 |     44 |   1 |   95.0 |
               +--------+--------+--------+--------+--------+-----+--------+

Top non-repeatable levels by time:
    D:15: 2906 daAuts
    D:12: 2852 daAuts
Depths:4: 2506 daAuts
Spider:1: 2323 daAuts
Depths:3: 2284 daAuts
Spider:4: 2252 daAuts
   Zot:3: 2236 daAuts
Depths:2: 2231 daAuts
Shoals:4: 1973 daAuts
   Zot:1: 1760 daAuts
 Crypt:2: 1756 daAuts
  Lair:4: 1749 daAuts
     D:8: 1736 daAuts
     D:4: 1693 daAuts
    D:13: 1649 daAuts
